 Dungeon Crawl Stone Soup version 0.20-a0-738-gb057e68 (webtiles) character file.

28 polly the Vexing (level 2, 0/23 HPs)
             Began as a Centaur Arcane Marksman on Feb 24, 2017.
             Slain by a jackal (3 damage)
             ... on level 1 of the Dungeon.
             The game lasted 00:01:07 (621 turns).

polly the Vexing (Centaur Arcane Marksman)           Turns: 621, Time: 00:01:08

Health: 0/23       AC:  4    Str: 12    XL:     2   Next: 96%
Magic:  3/3        EV:  9    Int: 12    God:
Gold:   33         SH:  0    Dex:  9    Spells: 2/3 levels left

rFire    . . .     SeeInvis .   a - +0 hand crossbow
rCold    . . .     Gourm    .   e - +0 robe
rNeg     . . .     Faith    .   (no shield)
rPois    .         Spirit   .   (no helmet)
rElec    .         Reflect  .   (no cloak)
rCorr    .         Harm     .   (no gloves)
MR       .....                  (no barding)
Stlth    +.........             (no amulet)
Regen    0.1/turn               (no ring)
MPRegen  0.1/turn               (no ring)

@: very quick
A: hooves 3, deformed body, speed 2, tough skin 3
a: no special abilities


You were on level 1 of the Dungeon.
You were not hungry.

You visited 1 branch of the dungeon, and saw 1 of its levels.

You collected 33 gold pieces.

Inventory:

Hand Weapons
 a - a +0 hand crossbow (weapon)
Missiles
 d - 28 bolts (quivered)
Armour
 e - a +0 robe (worn)
Scrolls
 b - a scroll of fog {unknown}
 g - 2 scrolls of identify {unknown}
 h - a scroll of immolation {unknown}
 i - a scroll of remove curse {unknown}
 j - a scroll of amnesia {unknown}
 k - a scroll of magic mapping {unknown}
Books
 c - a book of Debilitation

   Spells                             Type                      Level
   a - Corona                         Hexes                        1
   b - Slow                           Hexes                        2
   c - Inner Flame                    Hexes/Fire                   3
   d - Portal Projectile              Hexes/Translocation          3
   e - Cause Fear                     Hexes                        4
   f - Leda's Liquefaction            Hexes/Earth                  4
Comestibles
 f - a bread ration
 l - a meat ration


   Skills:
 + Level 1.2 Fighting
 + Level 2.9 Crossbows
 + Level 1.3 Dodging
 + Level 1.0 Spellcasting
 + Level 3.3 Hexes


You had 2 spell levels left.
You knew the following spells:

 Your Spells              Type           Power        Failure   Level  Hunger
a - Corona                Hex            #......      10%         1    ##.....


Dungeon Overview and Level Annotations

Branches:
Dungeon (1/15)

Altars:
Ashenzari


Innate Abilities, Weirdness & Mutations

You have hooves in place of feet.
Armour fits poorly on your strangely shaped body.
You cover ground very quickly.
You have extremely tough skin. (AC +3)


Message History

You shoot a bolt. The bolt closely misses the jackal.
The jackal barely misses you.
The jackal bites you but does no damage. x2
The jackal bites you.
* * * LOW HITPOINT WARNING * * *
The jackal barely misses you.
You see here 29 bolts.
d - 29 bolts The jackal misses you.
The jackal bites you but does no damage.
The jackal bites you.
* * * LOW HITPOINT WARNING * * *
You are too injured to fight recklessly!
Firing (i - inventory):
d - 29 bolts (quivered)
Press: ? - help, Shift-Dir - straight line, f/p - jackal
Aim: a jackal You shoot a bolt.
The bolt barely misses the jackal.
The jackal bites you but does no damage.
The jackal bites you.
You die...

....#.# ...##.# ........
##'##.# ....... ##
#.....# #. ......
######. #.....# #.#
#..... .......
#.....######.###....
###....
#.....##......(...#
.......
#.....##..........# ..
.......
#.....##.....>..@.##....
.....#.
#.....##.......hh.......
.....##
#.....##.......$........
.....
#.)...##......((...#####
.###
#.....##........(..#
######
.#(##(..).....((.#.#
......
.#.#############.#.#
#####
.#.##........###(#.#
.#.##.#####....#.#.#####


You could see 2 jackals.

Vanquished Creatures
  An ooze (D:1)
  A dart slug (D:1)
  2 bats (D:1)
  A giant cockroach (D:1)
  4 hobgoblins (D:1)
  2 jackals (D:1)
  2 frilled lizards (D:1)
  5 kobolds (D:1)
  3 rats (D:1)
21 creatures vanquished.

Notes
Turn   | Place    | Note
-------+----------+-------------------------------------------
     0 | D:1      | polly the Centaur Arcane Marksman began the quest for the Orb.
     0 | D:1      | Reached XP level 1. HP: 16/16 MP: 2/2
   194 | D:1      | Reached skill level 3 in Hexes
   250 | D:1      | Reached XP level 2. HP: 23/23 MP: 3/3
   389 | D:1      | Found a shattered altar of Ashenzari.
   621 | D:1      | Slain by a jackal

Vault maps used:
D:1:      evilmike_arrival_rings, evilmike_ruin_ashenzari

Skill      XL: |  1 |
---------------+----+-----
Hexes          | 3 |  3.3
Fighting       | |  1.2
Crossbows      | |  2.9
Dodging        | |  1.3
Spellcasting   | |  1.0

Action                   || total
-------------------------++-------
 Fire: Hand crossbow     ||    67
Armor: Robe              ||    32
Dodge: Dodged            ||    30
